 Dungeon Crawl Stone Soup version 0.31-a0-431-g88bdf31460 (webtiles) character file.

Game seed: 13622113739208953133

8856 arthad the Fighter (level 11, -1/102 HPs)
             Began as a Minotaur Fighter on July 31, 2023.
             Was a Priest of Makhleb.
             Slain by a troll (5 damage)
             ... on level 11 of the Dungeon.
             The game lasted 00:18:13 (7248 turns).

arthad the Fighter (Minotaur Fighter)               Turns: 7248, Time: 00:18:14

Health: -1/102     AC: 10    Str: 26    XL:     11   Next: 15%
Magic:  14/14      EV: 11    Int:  5    God:    Makhleb [***...]
Gold:   739        SH:  0    Dex:  9    Spells: 10/10 levels left

rFire   . . .        U - +5 battleaxe
rCold   . . .        (shield currently unavailable)
rNeg    . . .        R - +0 acid dragon scales
rPois   .            (helmet restricted)
rElec   .            w - +0 cloak
rCorr   +            (no gloves)
SInv    .            (no boots)
Will    .....        k - amulet of regeneration
Stlth   +            d - ring of wizardry
HPRegen 1.17/turn    M - ring of resist corrosion
MPRegen 0.14/turn

%: wizardry (x1)
@: studying Summonings
A: horns 2, retaliatory headbutt
a: Renounce Religion, Minor Destruction, Lesser Servant of Makhleb


You were on level 11 of the Dungeon.
You worshipped Makhleb.
Makhleb was most pleased with you.
You visited 2 branches of the dungeon, and saw 12 of its levels.

You collected 739 gold pieces.

Inventory:

Hand Weapons
 a - a +0 war axe
 y - the +7 dagger "Uwnut" {flame, +Blink Str-5 Dex+4 SInv}
   (You found it on level 5 of the Dungeon)

   Str:       It affects your strength (-5).
   Dex:       It affects your dexterity (+4).
   SInv:      It lets you see invisible.
   +Blink:    It lets you blink.
 A - a +0 morningstar of draining
 D - the +4 trident of Kindness {pain, rF- Dex+3}
   (You found it on level 6 of the Dungeon)

   Dex:       It affects your dexterity (+3).
   rF:        It makes you vulnerable to fire.
 U - a +5 battleaxe (weapon)
Missiles
 N - 2 curare-tipped darts
 W - 11 poisoned darts (quivered)
Armour
 b - a +0 scale mail
 c - a +0 buckler
 w - a +0 cloak (worn)
 J - the +0 ring mail of Fashionability {-Tele rElec rCorr Dex+8}
   (You found it on level 7 of the Dungeon)

   Dex:       It affects your dexterity (+8).
   rElec:     It insulates you from electricity.
   -Tele:     It prevents most forms of teleportation.
   rCorr:     It protects you from acid and corrosion.
 R - +0 acid dragon scales (worn)
 V - a +0 kite shield
Jewellery
 d - a ring of wizardry (left hand)
 k - an amulet of regeneration (around neck)
 E - a ring of wizardry
 M - a ring of resist corrosion (right hand)
 S - an amulet of guardian spirit
Wands
 q - a wand of acid (1)
 t - a wand of flame (5)
 z - a wand of roots (21)
 K - a wand of charming (13)
Scrolls
 f - 2 scrolls of enchant weapon {unknown}
 h - a scroll of revelation {unknown}
 i - a scroll of enchant armour {unknown}
 j - 2 scrolls of noise {unknown}
 l - 2 scrolls of amnesia {unknown}
 m - 2 scrolls of fear {unknown}
 o - 3 scrolls of vulnerability {unknown}
 p - 2 scrolls of poison {unknown}
 r - 4 scrolls of teleportation {unknown}
 s - a scroll of blinking {unknown}
 u - 2 scrolls of fog {unknown}
 v - 6 scrolls of immolation {unknown}
 x - a scroll of butterflies {unknown}
 G - 2 scrolls of torment {unknown}
 L - a scroll of identify {unknown}
 T - a scroll of brand weapon {unknown}
 Y - 3 scrolls of silence {unknown}
Potions
 e - 2 potions of curing
 g - 2 potions of lignification {unknown}
 n - 3 potions of attraction
 B - a potion of resistance {unknown}
 C - a potion of might
 F - a potion of degeneration {unknown}
 H - a potion of ambrosia {unknown}
 O - a potion of enlightenment {unknown}
 P - a potion of heal wounds {unknown}
 Q - a potion of haste
 X - a potion of magic {unknown}
Miscellaneous
 I - a piece from Xom's chessboard (15/15)


   Skills:
 * Level 11.0 Fighting
 * Level 10.7 Axes
 + Level 10.2 Armour
 - Level 9.3 Shields
 + Level 6.2 Invocations


You had 10 spell levels left.
You didn't know any spells.
Your spell library contained the following spells:

 Spells                   Type           Power      Damage    Failure   Level
 Apportation              Tloc           0%         N/A       24%         1
 Necrotise                Necr           0%         1d4       24%         1
 Sting                    Tmut/Pois      0%         1d3       24%         1
 Summon Small Mammal      Summ           0%         N/A       24%         1
 Lesser Beckoning         Tloc           0%         N/A       34%         2
 Poisonous Vapours        Pois/Air       0%         N/A       34%         2
 Dazzling Flash           Conj/Hex       0%         N/A       56%         3
 Gell's Gravitas          Tloc           0%         N/A       56%         3
 Teleport Other           Tloc           0%         N/A       56%         3
 Olgreb's Toxic Radiance  Pois           0%         N/A       91%         4
 Agony                    Necr           0%         N/A       99%         5
 Fireball                 Conj/Fire      0%         3d3       99%         5
 Iskenderun's Battlesphe  Conj           0%         2d6       99%         5
 Silence                  Hex/Air        0%         N/A       99%         5
 Conjure Ball Lightning   Conj/Air       0%         3x3d6     100%        6
 Orb of Destruction       Conj           0%         9d5       100%        7


Dungeon Overview and Level Annotations

Branches:
Dungeon (11/15)            Temple (1/1) D:4            Lair (0/5) D:8
    Orc (0/2) D:10

Altars:
Ashenzari
Cheibriados
Dithmenos
Elyvilon
Fedhas
Gozag
Hepliaklqana
Kikubaaqudgha
Makhleb
Nemelex Xobeh
Okawaru
Qazlal
Ru
Sif Muna
Trog
Uskayaw
Vehumet
Wu Jian
Xom
Yredelemnul
Zin
The Shining One

Shops:
D:7 *


Innate Abilities, Weirdness & Mutations

You have a pair of horns on your head.
You reflexively headbutt those who attack you in melee.


Message History

You are too injured to fight recklessly!
You are too injured to fight recklessly!
You are too injured to fight recklessly!
You are too injured to fight recklessly!
You are too injured to fight recklessly!
You are too injured to fight recklessly!
You are too injured to fight recklessly!
You are too injured to fight recklessly!
You are too injured to fight recklessly!
You hit the troll.
The troll is almost dead.
You hit the troll but do no damage. The troll barely misses you. x2
The troll claws you but does no damage. The troll bites you!
The troll barely misses you. The troll claws you!
* * * LOW HITPOINT WARNING * * *
You completely miss the troll.
The troll is almost dead.
You slash the troll! The troll bites you but does no damage.
The troll misses you. The troll barely misses you.
The troll closely misses you. The troll claws you.
* * * LOW HITPOINT WARNING * * *
The troll claws you.
* * * LOW HITPOINT WARNING * * *
You slash the troll!
You kill the troll!
Makhleb accepts your kill.
You feel better.
The troll leather armour is intact enough to wear.
You slash the troll! The troll bites you!
* * * LOW HITPOINT WARNING * * *
The troll claws you but does no damage. The troll claws you.
* * * LOW HITPOINT WARNING * * *
Your Fighting skill increases to level 11!
You closely miss the troll.
The troll is severely wounded.
The troll bites you but does no damage. The troll closely misses you.
The troll misses you. The troll bites you!
* * * LOW HITPOINT WARNING * * *
The troll closely misses you. The troll claws you.
You die...

## #.
##.# #...
##♣...♣##
#....T[.#
♣.@.#
#.......#
##♣.<.♣##
#.?. ####
.# .# ###
.###.#
#..
#....##
#..
......


You could see a troll.

Vanquished Creatures
  3 two-headed ogres
  A gargoyle (D:10)
  4 trolls
  The ghost of otakuarchivist the Magician, an amateur DjFE (D:3)
  Sigmund (D:2)
  A slime creature (D:8)
  A shadow (D:10)
  2 wyverns
  4 yaks (D:10)
  3 steam dragons
  An acid dragon (D:8)
  3 water moccasins
  2 ice beasts
  4 sky beasts
  4 black bears
  3 orc warriors
  3 ogres
  3 centaurs
  2 bullfrogs
  2 kobold brigands
  A scorpion (D:5)
  2 gnoll sergeants
  3 wights (D:9)
  4 killer bees (D:9)
  2 howler monkeys (D:9)
  2 jellies
  7 hounds
  2 orc priests (D:10)
  Jessica (D:2)
  An iguana (D:5)
  3 sleepcaps
  Natasha (thrice) (D:2)
  8 orc wizards
  20 gnolls
  6 adders
  3 shadow imps
  A white imp (D:8)
  An ufetubus (D:5)
  A worm (D:2)
  3 dart slugs
  31 orcs
  5 endoplasms
  3 giant cockroaches
  16 goblins
  3 hobgoblins
  12 jackals
  2 quokkas
  6 ball pythons
  7 bats
  3 frilled lizards
  9 kobolds
  4 rats
  A spectral orc (D:10)
224 creatures vanquished.

Vanquished Creatures (others)
  An orc priest (D:10)
  An orc wizard (D:10)
2 creatures vanquished.

Grand Total: 226 creatures vanquished

Notes
Turn   | Place    | Note
-------+----------+-------------------------------------------
     0 | D:1      | arthad the Minotaur Fighter began the quest for the Orb.
     0 | D:1      | Reached XP level 1. HP: 19/19 MP: 0/0
    86 | D:1      | Reached XP level 2. HP: 24/27 MP: 1/1
   123 | D:1      | Found a faded altar of an unknown god.
   243 | D:1      | Reached skill level 4 in Fighting
   501 | D:2      | Reached XP level 3. HP: 33/33 MP: 2/2
   679 | D:2      | Noticed Jessica
   692 | D:2      | Killed Jessica
   693 | D:2      | Reached XP level 4. HP: 35/41 MP: 3/3
   774 | D:2      | Noticed Natasha
   774 | D:2      | Noticed Sigmund
   791 | D:2      | Killed Natasha
   808 | D:2      | Killed Sigmund
   809 | D:2      | Reached skill level 5 in Fighting
   809 | D:2      | Reached skill level 5 in Armour
   809 | D:2      | Reached skill level 5 in Shields
   809 | D:2      | Reached XP level 5. HP: 25/48 MP: 4/4
   809 | D:2      | Reached XP level 6. HP: 29/56 MP: 5/5
   893 | D:2      | Noticed Natasha
   896 | D:2      | Killed Natasha
   912 | D:2      | Noticed Natasha
   916 | D:2      | Killed Natasha
  1233 | D:3      | Found a hide-covered altar of Uskayaw.
  1351 | D:3      | Reached skill level 5 in Axes
  1351 | D:3      | Reached XP level 7. HP: 62/62 MP: 6/6
  1412 | D:3      | Found a large runed translucent door.
  1412 | D:3      | Found a large runed translucent door.
  1674 | D:3      | Noticed otakuarchivist's ghost (amateur DjFE)
  1812 | D:3      | Killed otakuarchivist's ghost
  1813 | D:3      | Reached skill level 6 in Fighting
  1890 | D:4      | Found a bloodstained altar of Trog.
  2185 | D:4      | Found a staircase to the Ecumenical Temple.
  2403 | Temple   | Entered the Ecumenical Temple
  2436 | Temple   | Became a worshipper of Makhleb the Destroyer
  2477 | D:5      | Entered Level 5 of the Dungeon
  2505 | D:5      | Reached XP level 8. HP: 57/71 MP: 7/7
  2596 | D:5      | Reached skill level 1 in Invocations
  2816 | D:5      | Identified the +7 dagger "Uwnut" {flame, +Blink Str-5 Dex+4
                  | SInv}
  2925 | D:5      | Found a white marble altar of Elyvilon.
  3044 | D:6      | Reached skill level 7 in Fighting
  3075 | D:6      | Noticed a troll
  3363 | D:6      | Identified the +4 trident of Kindness {pain, rF- Dex+3}
  3429 | D:6      | Reached XP level 9. HP: 33/80 MP: 10/10
  3510 | D:6      | Killed a troll
  3550 | D:6      | Reached skill level 8 in Fighting
  4009 | D:6      | Found a glowing golden altar of the Shining One.
  4068 | D:7      | Reached * piety under Makhleb
  4167 | D:7      | Found a shimmering altar of Xom.
  4180 | D:7      | Identified the +0 ring mail of Fashionability {-Tele rElec
                  | rCorr Dex+8}
  4383 | D:7      | Found Soepugh's Elemental Accessories.
  4583 | D:7      | Found a shadowy altar of Dithmenos.
  4901 | D:8      | Found a stormy altar of Qazlal.
  4909 | D:8      | Found a staircase to the Lair.
  5102 | D:8      | Reached skill level 9 in Fighting
  5102 | D:8      | Reached XP level 10. HP: 84/91 MP: 12/12
  5102 | D:8      | Noticed a two-headed ogre
  5112 | D:8      | Killed a two-headed ogre
  5113 | D:8      | Reached skill level 5 in Invocations
  5250 | D:8      | Found an ancient bone altar of Kikubaaqudgha.
  5827 | D:9      | Noticed a two-headed ogre
  5835 | D:9      | Killed a two-headed ogre
  5840 | D:9      | Reached ** piety under Makhleb
  5962 | D:9      | Found a glowing silver altar of Zin.
  6207 | D:10     | Entered Level 10 of the Dungeon
  6228 | D:10     | Reached skill level 10 in Fighting
  6405 | D:10     | Found an iron altar of Okawaru.
  6452 | D:10     | Noticed a gargoyle
  6454 | D:10     | Found a staircase to the Orcish Mines.
  6463 | D:10     | Killed a gargoyle
  6464 | D:10     | Reached skill level 10 in Axes
  6594 | D:10     | Noticed a two-headed ogre
  6612 | D:10     | Killed a two-headed ogre
  6613 | D:10     | Reached skill level 10 in Armour
  6741 | D:10     | Found an ornate altar of the Wu Jian Council.
  6794 | D:10     | Reached XP level 11. HP: 85/101 MP: 14/14
  6796 | D:10     | Reached *** piety under Makhleb
  6842 | D:10     | Found a radiant altar of Vehumet.
  6885 | D:10     | Found a basalt altar of Yredelemnul.
  7248 | D:11     | Reached skill level 11 in Fighting
  7248 | D:11     | HP: 4/102 [troll (9)]
  7248 | D:11     | Slain by a troll

Illustrated notes

Levels and vault maps discovered:
D:1:      dpeg_arrival_yet_another_circle, layout_rooms, basic_ecumenical_altar
D:2:      layout_rooms, uniq_natasha, uniq_jessica, uniq_sigmund
D:3:      layout_loops_ring, nicolae_uskayaw_dance_hall, serial_rivers,
          chequers_serial_rivers_small_a, chequers_serial_rivers_marsh,
          chequers_serial_rivers_micro_e, chequers_serial_rivers_micro_b,
          chequers_serial_rivers_micro_e, ebering_ghost_disaster_area, hex_tiny,
          minmay_ogre_servants
D:4:      layout_rooms, nicolae_overflow_hidden_temple,
          minmay_temple_entry_drinking_statues
D:5:      layout_rooms, elyvilon_altar_3
D:6:      layout_gridville, marbit_many_paths, hangedman_decor_clover_reticule,
          amethyst_killhole, minmay_fractal_squares_diagonal_5
D:7:      layout_loops_ring, lemuel_doored_altar, xom_butterflies,
          nicolae_elemental_shop, hellmonk_bongcloud_opening
D:8:      layout_basic, mainiacjoe_overflow_cross_hatched,
          mainiacjoe_overflow_boulevard, chequers_serial_rivers_micro_e,
          minmay_manual_monolith
D:9:      layout_long_grid, mainiacjoe_overflow_tiny_flanked
D:10:     layout_small_grid, mainiacjoe_overflow_catwalk,
          yredelemnul_forgotten_temple_becter, nicolae_vehumet_radiance,
          general_overflow_altar, minmay_orc_entry_temple_small
D:11:     layout_loops_ring, kennysheep_another_room, minmay_misc_feat_roman,
          grunt_ministairs_7, grunt_decor_clamped, nicolae_fountain_basement
Temple:   jpeg_temple_island

Skill      XL: |  1  2  3  4  5  6  7  8  9 10 11 |
---------------+----------------------------------+-----
Shields        | 4 5 6 7 9 |  9.3
Armour         | 4 5 6 7 9 10 | 10.2
Fighting       | 4 5 6 7 9 10 11 | 11.0
Axes           | 3 4 5 6 7 8 10 | 10.7
Invocations    | 3 4 6 |  6.2

Action                     |  1- 3 |  4- 6 |  7- 9 | 10-12 || total
---------------------------+-------+-------+-------+-------++-------
  Melee: War axe           |    78 |    76 |   325 |    33 ||   512
         Headbutt          |    11 |     7 |    70 |    21 ||   109
         Battleaxe         |       |       |       |    98 ||    98
  Throw: Dart              |       |       |    18 |    28 ||    46
  Evoke: Wand              |       |       |       |     9 ||     9
    Use: Potion            |       |     1 |     3 |     2 ||     6
 Armour: Scale mail        |    39 |    22 |   153 |     3 ||   217
         Acid dragon scale |       |       |       |    66 ||    66
  Dodge: Dodged            |    40 |    25 |   150 |   122 ||   337
  Block: Buckler           |    15 |    11 |    83 |    11 ||   120

Table legend: (Time is in decaauts)
 A = Elapsed time spent in this place.
 B = Non-inter-level travel time spent in this place.
 C = Inter-level travel time spent in this place.
 D = Time resting spent in this place.
 E = Time spent auto-exploring this place.
 F = Levels seen in this place.
 G = Mean time per level.
                   A        B        C        D        E       F      G
               +--------+--------+--------+--------+--------+-----+--------+
         Total |   7390 |   6968 |    422 |    152 |   5237 |  12 |  615.8 |
       Dungeon |   7325 |   6967 |    358 |    152 |   5237 |  11 |  665.9 |
        Temple |     65 |      2 |     63 |      0 |      0 |   1 |   65.0 |
               +--------+--------+--------+--------+--------+-----+--------+

Top non-repeatable levels by time:
    D:10: 1001 daAuts
     D:6: 959 daAuts
     D:3: 956 daAuts
     D:7: 792 daAuts
     D:8: 720 daAuts
     D:9: 689 daAuts
     D:5: 626 daAuts
     D:4: 583 daAuts
     D:2: 479 daAuts
     D:1: 479 daAuts
  Temple: 65 daAuts
    D:11: 35 daAuts
